 Dungeon Crawl Stone Soup version 0.31.0-32-g396128a36d (webtiles) character file.

Game seed: 5832093225790284590

161 CrazyMind the Conjurer (level 5, 0/28 HPs)
             Began as a Deep Elf Conjurer on Mar 19, 2024.
             Slain by an iguana (11 damage)
             ... on level 4 of the Dungeon.
             The game lasted 00:11:59 (3300 turns).

CrazyMind the Conjurer (Deep Elf Conjurer)          Turns: 3300, Time: 00:11:59

Health: 0/28       AC:  3    Str:  4    XL:     5   Next: 18%
Magic:  9/13       EV: 12    Int: 25    God:
Gold:   217        SH:  0    Dex: 13    Spells: 2/13 levels left

rFire   . . .        c - +0 dagger
rCold   . . .        (no shield)
rNeg    . . .        a - +0 robe
rPois   .            (no helmet)
rElec   .            (no cloak)
rCorr   .            o - +0 pair of gloves
SInv    .            (no boots)
Will    .....        (no amulet)
Stlth   ++           (no ring)
HPRegen 0.24/turn    (no ring)
MPRegen 0.13/turn

%: no passive effects
@: no status effects
A: no striking features
a: no special abilities


You were on level 4 of the Dungeon.
You visited 1 branch of the dungeon, and saw 4 of its levels.

You collected 217 gold pieces.

Inventory:

Hand Weapons
 c - a +0 dagger (weapon)
 e - a +0 short sword
Missiles
 i - 2 throwing nets
Armour
 a - a +0 robe (worn)
 h - a +0 leather armour
 o - a +0 pair of gloves (worn)
 p - a +0 buckler
Jewellery
 n - an amulet of regeneration
Scrolls
 d - 6 scrolls of identify {unknown}
 f - 3 scrolls of immolation {unknown}
 j - 2 scrolls of poison {unknown}
 k - a scroll of vulnerability {unknown}
 m - a scroll of enchant weapon {unknown}
Potions
 b - a potion of magic
 g - 2 potions of lignification {unknown}
 l - a potion of ambrosia {unknown}


   Skills:
 + Level 0.1 Fighting
 + Level 1.0 Short Blades
 + Level 2.4 Dodging
 + Level 2.9 Stealth
 * Level 4.6 Spellcasting
 * Level 6.1 Conjurations


You had 2 spell levels left.
You knew the following spells:

 Your Spells              Type           Power      Damage    Failure   Level
a - Magic Dart            Conj           100%       1d8       1%          1
b - Searing Ray           Conj           72%        2d7       1%          2
c - Iskenderun's Mystic   Conj/Tloc      21%        2d6       24%         4
d - Fulminant Prism       Conj/Alch      10%        3d8       24%         4

Your spell library contained the following spells:

 Spells                   Type           Power      Damage    Failure   Level
 Volatile Blastmotes      Fire/Tloc      10%        2d10      26%         3


Dungeon Overview and Level Annotations

Branches:
Dungeon (4/15) Zot: 20699
 Temple: D:4-7

Altars:
Xom

Annotations:
D:3 Sigmund
D:4 exclusion: hobgoblin, Edmund


Message History

The gnoll shouts!
You start resting.
A gnoll is nearby!
Casting: Magic Dart (safe; 1% risk of failure)
Confirm with . or Enter, or press ? or * to list all spells.
You can't see any susceptible monsters within range! (Use Z to cast anyway.)
Casting: Magic Dart (safe; 1% risk of failure)
Confirm with . or Enter, or press ? or * to list all spells.
Aiming: Magic Dart (safe; 1% risk of failure)
Press: ? - help, Shift-Dir - straight line, f/p - gnoll
Aim: a gnoll, wielding a +0 spear (moderately wounded, 100% to hit)
The magic dart hits the gnoll.
The gnoll is heavily wounded.
Casting: Magic Dart (safe; 1% risk of failure)
Confirm with . or Enter, or press ? or * to list all spells.
Aiming: Searing Ray (safe; 1% risk of failure)
Press: ? - help, Shift-Dir - straight line, f/p - gnoll
Aim: a gnoll, wielding a +0 spear (heavily wounded, 83% to hit)
The searing ray hits the gnoll!
You kill the gnoll! (Press . to maintain the ray.)
Things that are here:
a +0 club; a gnoll corpse You start resting.
Magic restored.
There is an open door here.
Casting: Searing Ray (safe; 1% risk of failure)
Confirm with . or Enter, or press ? or * to list all spells.
Aiming: Searing Ray (safe; 1% risk of failure)
Press: ? - help, Shift-Dir - straight line, f - iguana
Aim: an iguana (83% to hit)
The searing ray hits the iguana!
The iguana is heavily wounded. (Press . to maintain the ray.)
The iguana bites you!
The searing ray misses the iguana.
The iguana bites you!
The searing ray hits the iguana.
The iguana is almost dead.
The iguana bites you!
You die...

.... .... .....
#+######### .....
#.#.......# ......
#.#.#####.# ......#
#.#.# #.# #......####
#.#.#####.# #....l@..##
#.#.....#.#
##....##..###.#####.#..
#.$.. ##..##...).....#
#.... ##...######.###
#.... ###)# #.# # #....
#.# #.# # #.... #.# #.#
# ##### #). #.# # ##.
#.# #


You could see an iguana.

Vanquished Creatures
  A bombardier beetle (D:4)
  3 gnolls (D:4)
  2 adders
  A ribbon worm (D:2)
  2 dart slugs
  4 orcs (D:3)
  5 ball pythons
  6 endoplasms
  5 giant cockroaches
  6 goblins
  6 hobgoblins
  4 jackals (D:1)
  2 quokkas (D:1)
  7 bats
  3 frilled lizards
  9 kobolds
  4 rats (D:1)
70 creatures vanquished.

Notes
Turn   | Place    | Note
-------+----------+-------------------------------------------
     0 | D:1      | CrazyMind the Deep Elf Conjurer began the quest for the
                  | Orb.
     0 | D:1      | Reached XP level 1. HP: 10/10 MP: 6/6
   213 | D:1      | Reached XP level 2. HP: 15/15 MP: 4/8
   216 | D:1      | Learned a level 2 spell: Searing Ray
   262 | D:1      | Reached skill level 5 in Conjurations
   667 | D:1      | Reached XP level 3. HP: 19/19 MP: 3/9
  1184 | D:2      | Found a faded altar of an unknown god.
  2098 | D:3      | Reached XP level 4. HP: 24/24 MP: 7/11
  2437 | D:3      | Learned a level 4 spell: Iskenderun's Mystic Blast
  2442 | D:3      | Learned a level 4 spell: Fulminant Prism
  2731 | D:3      | Noticed Sigmund
  3058 | D:4      | Found a shimmering altar of Xom.
  3068 | D:4      | Noticed Edmund
  3135 | D:4      | Reached skill level 6 in Conjurations
  3170 | D:4      | Reached skill level 1 in Short Blades
  3217 | D:4      | Reached XP level 5. HP: 28/28 MP: 7/13
  3300 | D:4      | Slain by an iguana

Illustrated notes

Levels and vault maps discovered:
D:1:      dpeg_arrival_round_a, layout_rooms, nicolae_figureground_pulse
D:2:      layout_loops_ring, ebering_ecumenical_altar_sacrificial,
          amcnicky_mini_rare_corridor_liquid, minmay_pentomino_p2
D:3:      layout_loops_ring, uniq_sigmund
D:4:      layout_basic, grunt_temple_overflow_open, kennysheep_mini,
          mainiacjoe_overflow_catwalk_spiral, uniq_edmund

Skill      XL: |  1  2  3  4 |
---------------+-------------+-----
Conjurations   | 5 6 |  6.1
Spellcasting   | 4 |  4.6
Short Blades   | 1 |  1.0
Fighting       | |  0.1
Dodging        | |  2.4
Stealth        | |  2.9

Action                     |  1- 3 |  4- 6 || total
---------------------------+-------+-------++-------
  Melee: Dagger            |     8 |     3 ||    11
   Cast: Magic Dart        |    34 |     5 ||    39
         Searing Ray       |    19 |    17 ||    36
   Stab: Sleeping          |     7 |     3 ||    10
 Armour: Robe              |     7 |     5 ||    12
  Dodge: Dodged            |     4 |     5 ||     9
